Senators vs Atomiques

Created - 13 octobre 2014 at 19:29

Goals
1 2 3 T
Senators 0 0 2 2
Atomiques 4 0 3 7
Shots
1 2 3 T
Senators 7 6 14 27
Atomiques 16 10 15 41

1st period

1. Atomiques , Tyler Brenner 4 (John Zeiler, Victor Hedman) at 5:53
2. Atomiques , John McCarthy 1 (Drew Larman, Nick Johnson) at 7:23
3. Atomiques , Nick Johnson 2 (Drew Larman, John McCarthy) at 11:38
4. Atomiques , Logan Couture 9 (Alexandre Daigle, Roman Polak) at 12:21

Penalties :
No Penalty

2nd period

No Goal

Penalties :
B.J. Crombeen (BIN) for Roughing (Minor) at 2:50, Stanislav Chistov (BIN) for Tripping (Minor) at 11:10, Logan Couture (STB) for Fighting (Major) at 16:44, Milan Jurcina (BIN) for Fighting (Major) at 16:44

3rd period

5. Senators , Rob Niedermayer 2 (B.J. Crombeen) at 0:59 (PP)
6. Atomiques , John McCarthy 2 (Nick Johnson, John Zeiler) at 4:34
7. Atomiques , Logan Couture 10 (Brad Winchester) at 16:50 (PP)
8. Senators , Sergei Kostitsyn 7 (Milan Jurcina, Logan Stephenson) at 17:04
9. Atomiques , Kyle Wharton 1 (Drew Larman, John McCarthy) at 18:59

Penalties :
Andrew Kozek (STB) for Tripping (Minor) at 0:41, John Zeiler (STB) for Diving (Minor) at 5:19, Logan Couture (STB) for Slashing (Minor) at 10:16, B.J. Crombeen (BIN) for Hooking (Minor) at 16:19, Stanislav Chistov (BIN) for Hooking (Minor) at 19:52

Goalie Stats

Alexander Salak (BIN), 7 saves from 11 shots - (0,636), L, 1-2-0, 12:21 minutes
Jacob Markstrom (BIN), 27 saves from 30 shots - (0,900), 47:39 minutes
Alex Auld (STB), 25 saves from 27 shots - (0,926), W, 7-1-0, 60:00 minutes

Players Stats for Senators

Player Name              G  A  P  +/- PIM S  H  SB GA TA FO     MP     PP MP  PK MP  
------------------------------------------------------------------------------------
B.J. Crombeen            0  1  1   1  4   5  2  1  2  0  1/3    21:19   2:44   1:08 
Brett Sterling           0  0  0  -1  0   0  3  1  0  1  1/2    12:37   0:00   1:50 
Cody Hodgson             0  0  0  -1  0   0  0  0  1  0  0/1    11:21   0:00   0:34 
Erik Karlsson            0  0  0  -2  0   0  0  1  0  0  0/0    19:13   1:29   1:51 
Gabriel Bourque          0  0  0  -3  0   1  0  1  0  0  0/0     9:21   0:00   0:53 
Jack Skille              0  0  0  -3  0   0  1  0  0  0  0/0     8:28   0:00   0:00 
Josh Hennessy            0  0  0  -2  0   2  1  1  0  0  4/10   17:31   1:32   1:31 
Logan Stephenson         0  1  1   0  0   1  1  1  1  0  0/0    29:23   2:47   2:45 
Mark Olver               0  0  0  -3  0   2  1  0  0  0  2/3     8:28   0:00   0:00 
Milan Jurcina            0  1  1   0  5   1  1  2  1  0  0/0    25:06   2:29   2:45 
Niklas Hagman            0  0  0  -2  0   2  4  1  0  1  0/0    17:31   2:44   0:31 
Patrick Wey              0  0  0  -3  0   1  1  2  0  0  0/0    11:24   0:00   0:00 
Rob Niedermayer          1  0  1   1  0   3  3  0  1  1  29/46  22:54   2:44   2:45 
Sergei Kostitsyn         1  0  1   1  0   4  2  0  0  1  0/1    18:53   1:32   0:00 
Shane Sims               0  0  0  -2  0   0  0  0  0  0  0/0    19:13   1:29   1:51 
Stanislav Chistov        0  0  0  -2  4   4  1  0  0  1  0/0    16:14   1:32   0:00 
Steven Goertzen          0  0  0  -1  0   1  3  0  0  0  0/1    10:43   0:00   0:00 
Tyson Barrie             0  0  0  -3  0   0  0  1  0  1  0/0    15:40   0:18   0:00 

Players Stats for Atomiques

Player Name              G  A  P  +/- PIM S  H  SB GA TA FO     MP     PP MP  PK MP  
------------------------------------------------------------------------------------
Alexandre Daigle         0  1  1   0  0   5  1  1  1  0  2/4    21:38   2:41   1:00 
Andrew Kozek             0  0  0   1  2   0  2  0  0  0  0/1    16:19   1:52   0:15 
Brad Winchester          0  1  1   0  0   5  4  1  0  1  0/2    23:33   2:41   3:01 
Casey Borer              0  0  0   3  0   0  4  0  0  0  0/0    18:47   1:29   0:00 
Clayton Stoner           0  0  0   1  0   0  3  0  1  0  0/0    28:35   3:10   3:08 
Drew Larman              0  3  3   4  0   0  1  0  0  0  2/4     8:41   0:00   0:00 
John McCarthy            2  2  4   4  0   5  1  1  0  0  0/0     8:41   0:00   0:00 
John Zeiler              0  2  2   1  2   2  3  0  1  1  0/0    16:00   1:52   0:00 
Kenndal McArdle          0  0  0   0  0   3  2  1  1  0  0/0    10:54   0:00   0:15 
Kyle Wharton             1  0  1   3  0   1  2  1  0  1  0/0    21:53   1:26   3:18 
Logan Couture            2  0  2   0  7   2  1  0  1  0  15/31  18:33   2:41   0:00 
Marc-André Cliche        0  0  0   0  0   0  2  0  0  0  3/3    11:23   0:00   1:00 
Nick Johnson             1  2  3   4  0   3  3  0  0  0  0/0     8:55   0:03   0:00 
Roman Polak              0  1  1   1  0   3  1  1  0  2  0/0    13:00   0:00   0:58 
Ryan Shannon             0  0  0   0  0   1  0  0  0  0  3/4    12:04   0:03   0:00 
Scott Jackson            0  0  0   1  0   3  0  1  0  0  0/0    12:00   0:00   0:00 
Tyler Brenner            1  0  1   1  0   7  0  0  0  0  5/18   18:56   1:52   3:01 
Victor Hedman            0  1  1   1  0   1  1  0  1  1  0/0    25:48   3:10   1:08 

3 Stars

1 - John McCarthy (STB)
2 - Nick Johnson (STB)
3 - Drew Larman (STB)

Power Play

Senators - 1 on 3 Attempt(s) - 33,33%
Atomiques - 1 on 4 Attempt(s) - 25,00%

Penalty Kill

Senators - 3 on 4 Attempt(s) - 75,00% - Score 0 goal in Penalty Kill
Atomiques - 2 on 3 Attempt(s) - 66,67% - Score 0 goal in Penalty Kill

Official

Referees : Marouelli Dan and Jackson Dave
Linesman : Steve Miller and Brian Mach

Game Notes

Jacob Markstrom enters game at 12:21 of 1st period
Logan Couture and Milan Jurcina fight to a draw at 16:44 of 2nd period

Finance

Level 1 -- Attendance: 1616 (80,80%) -- Ticket Income 56 560 $
Level 2 -- Attendance: 751 (75,10%) -- Ticket Income 11 265 $
Total Attendance: 2367 (78,90%)
Total Ticket Income: 67 825 $
Other Income: 3 391 $
Total Income: 71 216 $

Senators

5 vs 5 Forward 
   Center                   Left Wing                Right Wing               Time % Phy DF OF 
 1 Rob Niedermayer          Sergei Kostitsyn         B.J. Crombeen            40     1   2  2  
 2 Josh Hennessy            Niklas Hagman            Stanislav Chistov        30     1   2  2  
 3 Cody Hodgson             Brett Sterling           Steven Goertzen          20     1   2  2  
 4 Mark Olver               Gabriel Bourque          Jack Skille              10     1   2  2  

5 vs 5 Defense 
   Defense                  Defense                                           Time % Phy DF OF 
 1 Milan Jurcina            Logan Stephenson                                  40     1   2  2  
 2 Erik Karlsson            Shane Sims                                        30     1   2  2  
 3 Tyson Barrie             Patrick Wey                                       20     1   2  2  
 4 Milan Jurcina            Logan Stephenson                                  10     1   2  2  

PowerPlay Forward 
   Center                   Left Wing                Right Wing               Time % Phy DF OF 
 1 Rob Niedermayer          Niklas Hagman            B.J. Crombeen            60     1   2  2  
 2 Josh Hennessy            Sergei Kostitsyn         Stanislav Chistov        40     1   2  2  

PowerPlay Defense
   Defense                  Defense                                           Time % Phy DF OF 
 1 Milan Jurcina            Logan Stephenson                                  60     1   2  2  
 2 Erik Karlsson            Shane Sims                                        40     1   2  2  

Penalty Kill 4 Players Forward 
   Center                   Wing                     Time % Phy DF OF 
 1 B.J. Crombeen            Rob Niedermayer          60     1   2  2  
 2 Josh Hennessy            Niklas Hagman            40     1   2  2  

Penalty Kill 4 Players Defense
   Defense                  Defense                  Time % Phy DF OF 
 1 Milan Jurcina            Logan Stephenson         60     1   2  2  
 2 Erik Karlsson            Shane Sims               40     1   2  2  

Penalty Kill - 3 Players Forward 
   Forward                                           Time % Phy DF OF 
 1 B.J. Crombeen                                     60     1   2  2  
 2 Rob Niedermayer                                   40     1   2  2  

Penalty Kill - 3 Players Defense
   Defense                  Defense                  Time % Phy DF OF 
 1 Milan Jurcina            Logan Stephenson         60     1   2  2  
 2 Erik Karlsson            Shane Sims               40     1   2  2  

4 vs 4 Forward 
   Center                   Wing                     Time % Phy DF OF 
 1 B.J. Crombeen            Rob Niedermayer          60     1   2  2  
 2 Josh Hennessy            Niklas Hagman            40     1   2  2  

4 vs 4 Defense
   Defense                  Defense                  Time % Phy DF OF 
 1 Milan Jurcina            Logan Stephenson         60     1   2  2  
 2 Erik Karlsson            Shane Sims               40     1   2  2  

Last Minutes Offensive
   Center                   Left Wing                Right Wing               Defense                  Defense                  
   Rob Niedermayer          Niklas Hagman            B.J. Crombeen            Milan Jurcina            Logan Stephenson         

Last Minutes Defensive
   Center                   Left Wing                Right Wing               Defense                  Defense                  
   Rob Niedermayer          Niklas Hagman            B.J. Crombeen            Milan Jurcina            Logan Stephenson         

Goaltenders
Starting : Alexander Salak          
Backup : Jacob Markstrom          

Extra Forwards
Normal : Steven Goertzen, Jack Skille, Brett Sterling - PP : Steven Goertzen, Jack Skille - PK : Brett Sterling
Extra Defensemen
Normal : Tyson Barrie, Patrick Wey, Erik Karlsson - PP : Tyson Barrie - PK : Patrick Wey, Erik Karlsson
Penalty Shots
B.J. Crombeen, Rob Niedermayer, Josh Hennessy, Niklas Hagman, Stanislav Chistov

Atomiques

5 vs 5 Forward 
   Center                   Left Wing                Right Wing               Time % Phy DF OF 
 1 Logan Couture            Brad Winchester          Alexandre Daigle         40     1   2  2  
 2 Tyler Brenner            Andrew Kozek             John Zeiler              30     1   2  2  
 3 Marc-André Cliche        Kenndal McArdle          Ryan Shannon             20     1   2  2  
 4 Drew Larman              John McCarthy            Nick Johnson             10     1   2  2  

5 vs 5 Defense 
   Defense                  Defense                                           Time % Phy DF OF 
 1 Victor Hedman            Clayton Stoner                                    40     1   2  2  
 2 Kyle Wharton             Casey Borer                                       30     1   2  2  
 3 Scott Jackson            Roman Polak                                       20     1   2  2  
 4 Victor Hedman            Clayton Stoner                                    10     1   2  2  

PowerPlay Forward 
   Center                   Left Wing                Right Wing               Time % Phy DF OF 
 1 Logan Couture            Brad Winchester          Alexandre Daigle         60     1   2  2  
 2 Tyler Brenner            Andrew Kozek             John Zeiler              40     1   2  2  

PowerPlay Defense
   Defense                  Defense                                           Time % Phy DF OF 
 1 Victor Hedman            Clayton Stoner                                    60     1   2  2  
 2 Kyle Wharton             Casey Borer                                       40     1   2  2  

Penalty Kill 4 Players Forward 
   Center                   Wing                     Time % Phy DF OF 
 1 Tyler Brenner            Brad Winchester          60     1   2  2  
 2 Marc-André Cliche        Alexandre Daigle         40     1   2  2  

Penalty Kill 4 Players Defense
   Defense                  Defense                  Time % Phy DF OF 
 1 Kyle Wharton             Clayton Stoner           60     1   2  2  
 2 Kyle Wharton             Victor Hedman            40     1   2  2  

Penalty Kill - 3 Players Forward 
   Forward                                           Time % Phy DF OF 
 1 Brad Winchester                                   60     1   2  2  
 2 Alexandre Daigle                                  40     1   2  2  

Penalty Kill - 3 Players Defense
   Defense                  Defense                  Time % Phy DF OF 
 1 Victor Hedman            Clayton Stoner           60     1   2  2  
 2 Kyle Wharton             Casey Borer              40     1   2  2  

4 vs 4 Forward 
   Center                   Wing                     Time % Phy DF OF 
 1 Logan Couture            Alexandre Daigle         60     1   2  2  
 2 John Zeiler              Brad Winchester          40     1   2  2  

4 vs 4 Defense
   Defense                  Defense                  Time % Phy DF OF 
 1 Victor Hedman            Clayton Stoner           60     1   2  2  
 2 Kyle Wharton             Casey Borer              40     1   2  2  

Last Minutes Offensive
   Center                   Left Wing                Right Wing               Defense                  Defense                  
   Logan Couture            Brad Winchester          Alexandre Daigle         Victor Hedman            Clayton Stoner           

Last Minutes Defensive
   Center                   Left Wing                Right Wing               Defense                  Defense                  
   Logan Couture            Brad Winchester          Alexandre Daigle         Victor Hedman            Clayton Stoner           

Goaltenders
Starting : Alex Auld                
Backup : Sergei Bobrovsky         

Extra Forwards
Normal : Ryan Shannon, Nick Johnson, Kenndal McArdle - PP : Ryan Shannon, Nick Johnson - PK : Kenndal McArdle
Extra Defensemen
Normal : Scott Jackson, Roman Polak, Kyle Wharton - PP : Scott Jackson - PK : Roman Polak, Kyle Wharton
Penalty Shots
Brad Winchester, Alexandre Daigle, John Zeiler, Logan Couture, Ryan Shannon

% Time on Ice - Senators

Lines # - Real PCT - Wanted PCT - Time Play
Normal Forward
1 - 34% - 40% - 17:29
2 - 28% - 30% - 14:28
3 - 21% - 20% - 10:43
4 - 17% - 10% - 8:28
Normal Defense
1 - 41% - 40% - 20:44
2 - 31% - 30% - 15:53
3 - 22% - 20% - 11:24
4 - 6% - 10% - 3:07
PP Forward
1 - 64% - 60% - 2:44
2 - 36% - 40% - 1:32
PP Defense
1 - 65% - 60% - 2:47
2 - 35% - 40% - 1:29
PK Forward
1 - 89% - 60% - 4:05
2 - 11% - 40% - 0:31
PK Defense
1 - 60% - 60% - 2:45
2 - 40% - 40% - 1:51
PK3 Forward
1 - 0% - 60%
2 - 0% - 40%
PK3 Defense
1 - 0% - 60%
2 - 0% - 40%
44 Forward
1 - 0% - 60%
2 - 0% - 40%
44 Defense
1 - 0% - 60%
2 - 0% - 40%
Last Minute Offensive  - 0:00
Last Minute Defensive  - 0:00
Total
Forward - 60:00
Defense - 60:00

% Time on Ice - Atomiques

Lines # - Real PCT - Wanted PCT - Time Play
Normal Forward
1 - 35% - 40% - 18:01
2 - 28% - 30% - 14:09
3 - 20% - 20% - 10:17
4 - 17% - 10% - 8:41
Normal Defense
1 - 39% - 40% - 19:48
2 - 34% - 30% - 17:18
3 - 23% - 20% - 11:33
4 - 5% - 10% - 2:29
PP Forward
1 - 59% - 60% - 2:44
2 - 41% - 40% - 1:52
PP Defense
1 - 69% - 60% - 3:10
2 - 31% - 40% - 1:26
PK Forward
1 - 77% - 60% - 3:16
2 - 23% - 40% - 1:00
PK Defense
1 - 73% - 60% - 3:08
2 - 27% - 40% - 1:08
PK3 Forward
1 - 0% - 60%
2 - 0% - 40%
PK3 Defense
1 - 0% - 60%
2 - 0% - 40%
44 Forward
1 - 0% - 60%
2 - 0% - 40%
44 Defense
1 - 0% - 60%
2 - 0% - 40%
Last Minute Offensive  - 0:00
Last Minute Defensive  - 0:00
Total
Forward - 60:00
Defense - 60:00

Play by Play

1st period


0:01 of 1st period - Logan Couture wins face-off versus Rob Niedermayer in neutral zone.
0:50 of 1st period - Wrist shot by Tyler Brenner.
0:50 of 1st period - Stopped by Alexander Salak without a rebound.
0:51 of 1st period - Marc-André Cliche wins face-off versus Cody Hodgson in Senators zone.
1:25 of 1st period - Wrist shot by Nick Johnson.
1:25 of 1st period - Shot Misses the Net.
1:45 of 1st period - Snap shot by Josh Hennessy.
1:45 of 1st period - Shot Misses the Net.
1:47 of 1st period - Snap shot by Stanislav Chistov.
1:47 of 1st period - Stopped by Alex Auld without a rebound.
1:48 of 1st period - Rob Niedermayer wins face-off versus Tyler Brenner in Atomiques zone.
1:59 of 1st period - Snap shot by Tyler Brenner.
1:59 of 1st period - Stopped by Alexander Salak with a rebound.
2:01 of 1st period - Slapshot by Roman Polak.
2:01 of 1st period - Deflect By John Zeiler.
2:01 of 1st period - Stopped by Alexander Salak without a rebound.
2:02 of 1st period - Josh Hennessy wins face-off versus Logan Couture in Senators zone.
2:11 of 1st period - Wrist shot by Niklas Hagman.
2:11 of 1st period - Stopped by Alex Auld with a rebound.
2:24 of 1st period - Icing by Milan Jurcina.
2:25 of 1st period - Rob Niedermayer wins face-off versus Tyler Brenner in Senators zone.
2:34 of 1st period - Snap shot by John Zeiler.
2:34 of 1st period - Deflect By Andrew Kozek.
2:34 of 1st period - Shot Misses the Net.
2:34 of 1st period - Puck is out of play.
2:35 of 1st period - Rob Niedermayer wins face-off versus Logan Couture in Senators zone.
2:35 of 1st period - Rob Niedermayer is hit by Alexandre Daigle.
2:41 of 1st period - Snap shot by Rob Niedermayer.
2:41 of 1st period - Stopped by Alex Auld without a rebound.
2:42 of 1st period - Logan Couture wins face-off versus Rob Niedermayer in Atomiques zone.
3:09 of 1st period - Shane Sims is hit by Marc-André Cliche and loses puck.
3:55 of 1st period - Gabriel Bourque is hit by Roman Polak and loses puck.
4:54 of 1st period - Snap shot by Ryan Shannon.
4:54 of 1st period - Shot Misses the Net.
5:04 of 1st period - Josh Hennessy is hit by Casey Borer and loses puck.
5:23 of 1st period - Slapshot by Alexandre Daigle.
5:23 of 1st period - Stopped by Alexander Salak without a rebound.
5:24 of 1st period - Rob Niedermayer wins face-off versus Logan Couture in Senators zone.
5:53 of 1st period - Slapshot by Tyler Brenner.
5:53 of 1st period - Goal by Tyler Brenner - Senators : 0 - Atomiques : 1.
5:54 of 1st period - Logan Couture wins face-off versus Rob Niedermayer in neutral zone.
6:05 of 1st period - Clayton Stoner is hit by Rob Niedermayer and loses puck.
6:27 of 1st period - Snap shot by Ryan Shannon.
6:27 of 1st period - Shot Blocked by Milan Jurcina.
6:51 of 1st period - John Zeiler is hit by Niklas Hagman and loses puck.
7:06 of 1st period - Wrist shot by Mark Olver.
7:06 of 1st period - Stopped by Alex Auld without a rebound.
7:07 of 1st period - Drew Larman wins face-off versus Mark Olver in Atomiques zone.
7:21 of 1st period - Slapshot by Nick Johnson.
7:21 of 1st period - Shot Misses the Net.
7:23 of 1st period - Wrist shot by Drew Larman.
7:23 of 1st period - Deflect By John McCarthy.
7:23 of 1st period - Goal by John McCarthy - Senators : 0 - Atomiques : 2.
7:24 of 1st period - Logan Couture wins face-off versus Rob Niedermayer in neutral zone.
7:39 of 1st period - Wrist shot by B.J. Crombeen.
7:39 of 1st period - Stopped by Alex Auld with a rebound.
8:16 of 1st period - Wrist shot by John Zeiler.
8:16 of 1st period - Shot Misses the Net.
8:58 of 1st period - Off-side.
8:59 of 1st period - Rob Niedermayer wins face-off versus Logan Couture in neutral zone.
9:26 of 1st period - Snap shot by Tyler Brenner.
9:26 of 1st period - Stopped by Alexander Salak with a rebound.
9:28 of 1st period - Slapshot by Casey Borer.
9:28 of 1st period - Shot Blocked by Niklas Hagman.
9:30 of 1st period - Slapshot by Kyle Wharton.
9:30 of 1st period - Shot Blocked by Josh Hennessy.
9:32 of 1st period - Wrist shot by Andrew Kozek.
9:32 of 1st period - Shot Misses the Net.
9:34 of 1st period - Slapshot by Kyle Wharton.
9:34 of 1st period - Shot Misses the Net.
9:48 of 1st period - Backhand shot by Niklas Hagman.
9:48 of 1st period - Shot Blocked by Scott Jackson.
10:03 of 1st period - Off-side.
10:04 of 1st period - Mark Olver wins face-off versus Drew Larman in neutral zone.
10:39 of 1st period - Wrist shot by Brad Winchester.
10:39 of 1st period - Shot Blocked by Milan Jurcina.
11:36 of 1st period - Snap shot by John McCarthy.
11:36 of 1st period - Stopped by Alexander Salak with a rebound.
11:38 of 1st period - Slapshot by Drew Larman.
11:38 of 1st period - Deflect By Nick Johnson.
11:38 of 1st period - Goal by Nick Johnson - Senators : 0 - Atomiques : 3.
11:39 of 1st period - Rob Niedermayer wins face-off versus Logan Couture in neutral zone.
12:19 of 1st period - Snap shot by Alexandre Daigle.
12:19 of 1st period - Stopped by Alexander Salak with a rebound.
12:21 of 1st period - Snap shot by Logan Couture.
12:21 of 1st period - Goal by Logan Couture - Senators : 0 - Atomiques : 4.
12:21 of 1st period - Jacob Markstrom enters game.
12:22 of 1st period - Tyler Brenner wins face-off versus Rob Niedermayer in neutral zone.
12:26 of 1st period - Victor Hedman is hit by B.J. Crombeen.
12:48 of 1st period - Ryan Shannon is hit by Stanislav Chistov and loses puck.
13:11 of 1st period - Wrist shot by Alexandre Daigle.
13:11 of 1st period - Shot Misses the Net.
13:17 of 1st period - Clayton Stoner is hit by Steven Goertzen and loses puck.
13:38 of 1st period - Wrist shot by Gabriel Bourque.
13:38 of 1st period - Shot Blocked by John McCarthy.
14:14 of 1st period - Snap shot by Brad Winchester.
14:14 of 1st period - Shot Misses the Net.
14:26 of 1st period - Wrist shot by Ryan Shannon.
14:26 of 1st period - Deflect By Marc-André Cliche.
14:26 of 1st period - Shot Misses the Net.
14:26 of 1st period - Puck is out of play.
14:27 of 1st period - Marc-André Cliche wins face-off versus Steven Goertzen in Senators zone.
15:01 of 1st period - Snap shot by Logan Couture.
15:01 of 1st period - Shot Misses the Net.
15:17 of 1st period - Snap shot by Tyler Brenner.
15:17 of 1st period - Stopped by Jacob Markstrom with a rebound.
15:23 of 1st period - Roman Polak is hit by Logan Stephenson and loses puck.
16:25 of 1st period - Sergei Kostitsyn is hit by Logan Couture.
16:43 of 1st period - Shane Sims is hit by John Zeiler and loses puck.
17:13 of 1st period - Snap shot by Mark Olver.
17:13 of 1st period - Stopped by Alex Auld without a rebound.
17:14 of 1st period - Alexandre Daigle wins face-off versus Rob Niedermayer in Atomiques zone.
17:14 of 1st period - Alexandre Daigle is hit by Milan Jurcina.
17:30 of 1st period - Snap shot by Sergei Kostitsyn.
17:30 of 1st period - Stopped by Alex Auld with a rebound.
18:03 of 1st period - Slapshot by Nick Johnson.
18:03 of 1st period - Shot Blocked by Patrick Wey.
18:05 of 1st period - Snap shot by Nick Johnson.
18:05 of 1st period - Shot Blocked by Tyson Barrie.
18:07 of 1st period - Slapshot by Scott Jackson.
18:07 of 1st period - Shot Blocked by Patrick Wey.
18:09 of 1st period - Wrist shot by John McCarthy.
18:09 of 1st period - Stopped by Jacob Markstrom with a rebound.
18:11 of 1st period - Slapshot by Scott Jackson.
18:11 of 1st period - Shot Blocked by Brett Sterling.
18:13 of 1st period - Wrist shot by Scott Jackson.
18:13 of 1st period - Stopped by Jacob Markstrom without a rebound.
18:14 of 1st period - Alexandre Daigle wins face-off versus Rob Niedermayer in Senators zone.
18:20 of 1st period - Off-side.
18:21 of 1st period - Logan Couture wins face-off versus Rob Niedermayer in neutral zone.
18:24 of 1st period - Sergei Kostitsyn is hit by Brad Winchester and loses puck.
18:35 of 1st period - Rob Niedermayer is hit by Brad Winchester.
19:37 of 1st period - Snap shot by Nick Johnson.
19:37 of 1st period - Shot Misses the Net.
19:39 of 1st period - Snap shot by Drew Larman.
19:39 of 1st period - Shot Blocked by Erik Karlsson.
19:49 of 1st period - Slapshot by Brad Winchester.
19:49 of 1st period - Shot Blocked by B.J. Crombeen.
19:51 of 1st period - Slapshot by Brad Winchester.
19:51 of 1st period - Stopped by Jacob Markstrom without a rebound.
19:52 of 1st period - Logan Couture wins face-off versus Rob Niedermayer in Senators zone.
19:53 of 1st period - Wrist shot by Brad Winchester.
19:53 of 1st period - Shot Blocked by Logan Stephenson.
19:55 of 1st period - Snap shot by Scott Jackson.
19:55 of 1st period - Stopped by Jacob Markstrom without a rebound.
19:56 of 1st period - Rob Niedermayer wins face-off versus Brad Winchester in Senators zone.
19:56 of 1st period - Rob Niedermayer is hit by Brad Winchester.
Goals for this period are 0 for Senators vs 4 for Atomiques.
Shots for this period are 7 for Senators vs 16 for Atomiques.

2nd period


0:01 of 2nd period - Rob Niedermayer wins face-off versus Logan Couture in neutral zone.
2:09 of 2nd period - Brett Sterling is hit by Kenndal McArdle and loses puck.
2:36 of 2nd period - Casey Borer is hit by Patrick Wey and loses puck.
2:50 of 2nd period - Minor Penalty to B.J. Crombeen for Roughing.
2:51 of 2nd period - Brett Sterling wins face-off versus Logan Couture in Senators zone.
4:25 of 2nd period - Shane Sims is hit by Clayton Stoner and loses puck.
4:50 of 2nd period - Penalty to B.J. Crombeen is over, B.J. Crombeen is back on ice.
6:42 of 2nd period - Patrick Wey is hit by Kyle Wharton and loses puck.
6:53 of 2nd period - Ryan Shannon is hit by Steven Goertzen and loses puck.
9:06 of 2nd period - Logan Stephenson is hit by Kenndal McArdle and loses puck.
9:16 of 2nd period - Icing by Rob Niedermayer.
9:17 of 2nd period - Mark Olver wins face-off versus Logan Couture in Senators zone.
9:17 of 2nd period - Mark Olver is hit by Kyle Wharton.
9:23 of 2nd period - Casey Borer is hit by Jack Skille and loses puck.
9:30 of 2nd period - Slapshot by Gabriel Bourque.
9:30 of 2nd period - Stopped by Alex Auld without a rebound.
9:31 of 2nd period - Rob Niedermayer wins face-off versus Logan Couture in Atomiques zone.
9:32 of 2nd period - Wrist shot by B.J. Crombeen.
9:32 of 2nd period - Shot Misses the Net.
9:34 of 2nd period - Wrist shot by Sergei Kostitsyn.
9:34 of 2nd period - Stopped by Alex Auld without a rebound.
9:35 of 2nd period - Logan Couture wins face-off versus Rob Niedermayer in Atomiques zone.
9:46 of 2nd period - Snap shot by B.J. Crombeen.
9:46 of 2nd period - Shot Misses the Net.
9:48 of 2nd period - Slapshot by B.J. Crombeen.
9:48 of 2nd period - Shot Misses the Net.
10:08 of 2nd period - John Zeiler is hit by Niklas Hagman and loses puck.
10:23 of 2nd period - Marc-André Cliche is hit by Brett Sterling and loses puck.
10:28 of 2nd period - Snap shot by Steven Goertzen.
10:28 of 2nd period - Shot Misses the Net.
10:30 of 2nd period - Wrist shot by Steven Goertzen.
10:30 of 2nd period - Stopped by Alex Auld without a rebound.
10:31 of 2nd period - Rob Niedermayer wins face-off versus Alexandre Daigle in Atomiques zone.
10:43 of 2nd period - Icing by Sergei Kostitsyn.
10:44 of 2nd period - Logan Couture wins face-off versus Rob Niedermayer in Senators zone.
10:47 of 2nd period - Snap shot by Brad Winchester.
10:47 of 2nd period - Stopped by Jacob Markstrom with a rebound.
10:49 of 2nd period - Snap shot by Alexandre Daigle.
10:49 of 2nd period - Deflect By Brad Winchester.
10:49 of 2nd period - Stopped by Jacob Markstrom with a rebound.
11:10 of 2nd period - Minor Penalty to Stanislav Chistov for Tripping.
11:11 of 2nd period - B.J. Crombeen wins face-off versus Logan Couture in Senators zone.
12:55 of 2nd period - Snap shot by Logan Stephenson.
12:55 of 2nd period - Shot Misses the Net.
13:10 of 2nd period - Penalty to Stanislav Chistov is over, Stanislav Chistov is back on ice.
13:19 of 2nd period - Wrist shot by Kenndal McArdle.
13:19 of 2nd period - Stopped by Jacob Markstrom with a rebound.
13:21 of 2nd period - Wrist shot by Kenndal McArdle.
13:21 of 2nd period - Stopped by Jacob Markstrom with a rebound.
13:23 of 2nd period - Slapshot by Roman Polak.
13:23 of 2nd period - Shot Misses the Net.
13:25 of 2nd period - Slapshot by Roman Polak.
13:25 of 2nd period - Deflect By Rob Niedermayer.
13:25 of 2nd period - Stopped by Jacob Markstrom without a rebound.
13:26 of 2nd period - Drew Larman wins face-off versus Josh Hennessy in Senators zone.
13:31 of 2nd period - Wrist shot by John McCarthy.
13:31 of 2nd period - Stopped by Jacob Markstrom without a rebound.
13:32 of 2nd period - Josh Hennessy wins face-off versus Drew Larman in Senators zone.
13:32 of 2nd period - Josh Hennessy is hit by Nick Johnson.
13:42 of 2nd period - Snap shot by Roman Polak.
13:42 of 2nd period - Stopped by Jacob Markstrom without a rebound.
13:43 of 2nd period - Logan Couture wins face-off versus Josh Hennessy in Senators zone.
13:49 of 2nd period - Off-side.
13:50 of 2nd period - Logan Couture wins face-off versus Josh Hennessy in neutral zone.
14:05 of 2nd period - Clayton Stoner is hit by Niklas Hagman and loses puck.
14:20 of 2nd period - Snap shot by Tyler Brenner.
14:20 of 2nd period - Stopped by Jacob Markstrom without a rebound.
14:21 of 2nd period - Rob Niedermayer wins face-off versus Tyler Brenner in Senators zone.
14:48 of 2nd period - Stanislav Chistov is hit by Casey Borer and loses puck.
15:07 of 2nd period - Logan Stephenson is hit by Casey Borer and loses puck.
15:27 of 2nd period - Jack Skille is hit by Nick Johnson and loses puck.
16:06 of 2nd period - Clayton Stoner is hit by Niklas Hagman and loses puck.
16:13 of 2nd period - Backhand shot by Stanislav Chistov.
16:13 of 2nd period - Stopped by Alex Auld without a rebound.
16:14 of 2nd period - Rob Niedermayer wins face-off versus Logan Couture in Atomiques zone.
16:19 of 2nd period - Snap shot by B.J. Crombeen.
16:19 of 2nd period - Stopped by Alex Auld with a rebound.
16:25 of 2nd period - Snap shot by B.J. Crombeen.
16:25 of 2nd period - Shot Blocked by Alexandre Daigle.
16:27 of 2nd period - Slapshot by Logan Stephenson.
16:27 of 2nd period - Stopped by Alex Auld without a rebound.
16:28 of 2nd period - Tyler Brenner wins face-off versus Josh Hennessy in Atomiques zone.
16:37 of 2nd period - Wrist shot by John Zeiler.
16:37 of 2nd period - Shot Misses the Net.
16:39 of 2nd period - Slapshot by Tyler Brenner.
16:39 of 2nd period - Stopped by Jacob Markstrom without a rebound.
16:40 of 2nd period - Logan Couture wins face-off versus Rob Niedermayer in Senators zone.
16:43 of 2nd period - Slapshot by Brad Winchester.
16:43 of 2nd period - Shot Misses the Net.
16:44 of 2nd period - Logan Couture and Milan Jurcina fight to a draw.
16:44 of 2nd period - Penalty to Logan Couture for Fighting.
16:44 of 2nd period - Penalty to Milan Jurcina for Fighting.
16:45 of 2nd period - Ryan Shannon wins face-off versus Sergei Kostitsyn in Senators zone.
17:04 of 2nd period - Brad Winchester is hit by Sergei Kostitsyn.
17:05 of 2nd period - Icing by Brad Winchester.
17:06 of 2nd period - Ryan Shannon wins face-off versus Josh Hennessy in Atomiques zone.
17:44 of 2nd period - Wrist shot by Brad Winchester.
17:44 of 2nd period - Stopped by Jacob Markstrom without a rebound.
17:45 of 2nd period - Rob Niedermayer wins face-off versus Andrew Kozek in Senators zone.
18:40 of 2nd period - Kenndal McArdle is hit by Mark Olver and loses puck.
19:21 of 2nd period - Logan Stephenson is hit by Clayton Stoner and loses puck.
19:52 of 2nd period - Tyson Barrie is hit by John Zeiler and loses puck.
Goals for this period are 0 for Senators vs 0 for Atomiques.
Shots for this period are 6 for Senators vs 10 for Atomiques.

3rd period


0:01 of 3rd period - Ryan Shannon wins face-off versus Rob Niedermayer in neutral zone.
0:10 of 3rd period - Alexandre Daigle is hit by Rob Niedermayer.
0:41 of 3rd period - Minor Penalty to Andrew Kozek for Tripping.
0:42 of 3rd period - Rob Niedermayer wins face-off versus Tyler Brenner in Atomiques zone.
0:42 of 3rd period - Wrist shot by B.J. Crombeen.
0:42 of 3rd period - Shot Misses the Net.
0:48 of 3rd period - Snap shot by Rob Niedermayer.
0:48 of 3rd period - Shot Misses the Net.
0:50 of 3rd period - Snap shot by Niklas Hagman.
0:50 of 3rd period - Stopped by Alex Auld without a rebound.
0:51 of 3rd period - Rob Niedermayer wins face-off versus Tyler Brenner in Atomiques zone.
0:59 of 3rd period - Snap shot by Rob Niedermayer.
0:59 of 3rd period - Goal by Rob Niedermayer - Senators : 1 - Atomiques : 4.
1:00 of 3rd period - Rob Niedermayer wins face-off versus Ryan Shannon in neutral zone.
1:02 of 3rd period - Logan Stephenson is hit by Clayton Stoner and loses puck.
1:11 of 3rd period - Snap shot by Alexandre Daigle.
1:11 of 3rd period - Stopped by Jacob Markstrom with a rebound.
1:13 of 3rd period - Wrist shot by Alexandre Daigle.
1:13 of 3rd period - Shot Misses the Net.
1:15 of 3rd period - Slapshot by Victor Hedman.
1:15 of 3rd period - Stopped by Jacob Markstrom with a rebound.
1:25 of 3rd period - Victor Hedman is hit by Josh Hennessy.
1:49 of 3rd period - Cody Hodgson is hit by Nick Johnson and loses puck.
2:15 of 3rd period - Snap shot by Jack Skille.
2:15 of 3rd period - Shot Blocked by Kenndal McArdle.
2:17 of 3rd period - Slapshot by Mark Olver.
2:17 of 3rd period - Shot Blocked by Roman Polak.
2:48 of 3rd period - Off-side.
2:49 of 3rd period - Josh Hennessy wins face-off versus Tyler Brenner in neutral zone.
2:52 of 3rd period - Slapshot by Shane Sims.
2:52 of 3rd period - Deflect By Josh Hennessy.
2:52 of 3rd period - Stopped by Alex Auld without a rebound.
2:53 of 3rd period - Josh Hennessy wins face-off versus Tyler Brenner in Atomiques zone.
2:56 of 3rd period - Snap shot by Josh Hennessy.
2:56 of 3rd period - Stopped by Alex Auld with a rebound.
3:04 of 3rd period - Shane Sims is hit by John Zeiler and loses puck.
3:23 of 3rd period - Snap shot by John Zeiler.
3:23 of 3rd period - Stopped by Jacob Markstrom without a rebound.
3:24 of 3rd period - Rob Niedermayer wins face-off versus Logan Couture in Senators zone.
3:29 of 3rd period - Alexandre Daigle is hit by Sergei Kostitsyn and loses puck.
3:57 of 3rd period - Kyle Wharton is hit by Steven Goertzen and loses puck.
4:34 of 3rd period - Wrist shot by John McCarthy.
4:34 of 3rd period - Goal by John McCarthy - Senators : 1 - Atomiques : 5.
4:35 of 3rd period - Rob Niedermayer wins face-off versus Logan Couture in neutral zone.
4:46 of 3rd period - Wrist shot by Rob Niedermayer.
4:46 of 3rd period - Deflect By Sergei Kostitsyn.
4:46 of 3rd period - Stopped by Alex Auld with a rebound.
5:19 of 3rd period - Minor Penalty to John Zeiler for Diving.
5:20 of 3rd period - Rob Niedermayer wins face-off versus Tyler Brenner in Atomiques zone.
5:35 of 3rd period - Slapshot by Tyler Brenner.
5:35 of 3rd period - Deflect By Brad Winchester.
5:35 of 3rd period - Shot Misses the Net.
5:35 of 3rd period - Puck is out of play.
5:36 of 3rd period - Tyler Brenner wins face-off versus B.J. Crombeen in Senators zone.
6:07 of 3rd period - Wrist shot by Stanislav Chistov.
6:07 of 3rd period - Stopped by Alex Auld without a rebound.
6:08 of 3rd period - Tyler Brenner wins face-off versus Rob Niedermayer in Atomiques zone.
6:35 of 3rd period - Snap shot by Josh Hennessy.
6:35 of 3rd period - Shot Misses the Net.
6:51 of 3rd period - Roman Polak is hit by B.J. Crombeen and loses puck.
7:10 of 3rd period - Slapshot by Roman Polak.
7:10 of 3rd period - Stopped by Jacob Markstrom without a rebound.
7:11 of 3rd period - Marc-André Cliche wins face-off versus Josh Hennessy in Senators zone.
7:19 of 3rd period - Penalty to John Zeiler is over, John Zeiler is back on ice.
7:28 of 3rd period - Snap shot by Kyle Wharton.
7:28 of 3rd period - Deflect By Nick Johnson.
7:28 of 3rd period - Stopped by Jacob Markstrom with a rebound.
7:36 of 3rd period - Clayton Stoner is hit by Brett Sterling.
7:44 of 3rd period - Milan Jurcina is hit by John McCarthy and loses puck.
9:54 of 3rd period - Wrist shot by Stanislav Chistov.
9:54 of 3rd period - Stopped by Alex Auld without a rebound.
9:55 of 3rd period - Rob Niedermayer wins face-off versus Logan Couture in Atomiques zone.
10:08 of 3rd period - Snap shot by Rob Niedermayer.
10:08 of 3rd period - Deflect By B.J. Crombeen.
10:08 of 3rd period - Stopped by Alex Auld with a rebound.
10:10 of 3rd period - Wrist shot by Rob Niedermayer.
10:10 of 3rd period - Shot Blocked by Brad Winchester.
10:16 of 3rd period - Minor Penalty to Logan Couture for Slashing.
10:17 of 3rd period - Rob Niedermayer wins face-off versus Tyler Brenner in Atomiques zone.
10:24 of 3rd period - Slapshot by B.J. Crombeen.
10:24 of 3rd period - Stopped by Alex Auld without a rebound.
10:25 of 3rd period - Rob Niedermayer wins face-off versus Tyler Brenner in Atomiques zone.
10:36 of 3rd period - Snap shot by Rob Niedermayer.
10:36 of 3rd period - Stopped by Alex Auld without a rebound.
10:37 of 3rd period - Rob Niedermayer wins face-off versus Tyler Brenner in Atomiques zone.
10:38 of 3rd period - Slapshot by B.J. Crombeen.
10:38 of 3rd period - Deflect By Rob Niedermayer.
10:38 of 3rd period - Deflect By Brad Winchester.
10:38 of 3rd period - Shot Misses the Net.
10:38 of 3rd period - Puck is out of play.
10:39 of 3rd period - Rob Niedermayer wins face-off versus Tyler Brenner in Atomiques zone.
10:40 of 3rd period - Slapshot by B.J. Crombeen.
10:40 of 3rd period - Shot Blocked by Kyle Wharton.
10:42 of 3rd period - Wrist shot by B.J. Crombeen.
10:42 of 3rd period - Stopped by Alex Auld without a rebound.
10:43 of 3rd period - Tyler Brenner wins face-off versus Rob Niedermayer in Atomiques zone.
12:16 of 3rd period - Penalty to Logan Couture is over, Logan Couture is back on ice.
12:33 of 3rd period - Snap shot by Nick Johnson.
12:33 of 3rd period - Stopped by Jacob Markstrom with a rebound.
13:13 of 3rd period - Snap shot by Gabriel Bourque.
13:13 of 3rd period - Shot Misses the Net.
13:15 of 3rd period - Snap shot by Patrick Wey.
13:15 of 3rd period - Stopped by Alex Auld without a rebound.
13:16 of 3rd period - Rob Niedermayer wins face-off versus Tyler Brenner in Atomiques zone.
13:25 of 3rd period - Sergei Kostitsyn is hit by Andrew Kozek and loses puck.
14:50 of 3rd period - Tyson Barrie is hit by Drew Larman.
14:58 of 3rd period - Slapshot by Scott Jackson.
14:58 of 3rd period - Stopped by Jacob Markstrom with a rebound.
15:18 of 3rd period - Josh Hennessy is hit by Marc-André Cliche and loses puck.
15:39 of 3rd period - Milan Jurcina is hit by Casey Borer and loses puck.
15:56 of 3rd period - Andrew Kozek is hit by Brett Sterling and loses puck.
16:19 of 3rd period - Minor Penalty to B.J. Crombeen for Hooking.
16:20 of 3rd period - Logan Couture wins face-off versus Brett Sterling in Senators zone.
16:50 of 3rd period - Snap shot by Logan Couture.
16:50 of 3rd period - Goal by Logan Couture - Senators : 1 - Atomiques : 6.
16:51 of 3rd period - Rob Niedermayer wins face-off versus Logan Couture in neutral zone.
16:58 of 3rd period - Snap shot by Rob Niedermayer.
16:58 of 3rd period - Shot Misses the Net.
17:00 of 3rd period - Snap shot by Logan Stephenson.
17:00 of 3rd period - Shot Misses the Net.
17:02 of 3rd period - Slapshot by Milan Jurcina.
17:02 of 3rd period - Stopped by Alex Auld with a rebound.
17:04 of 3rd period - Snap shot by Sergei Kostitsyn.
17:04 of 3rd period - Deflect By Clayton Stoner.
17:04 of 3rd period - Goal by Sergei Kostitsyn - Senators : 2 - Atomiques : 6.
17:05 of 3rd period - Rob Niedermayer wins face-off versus Brad Winchester in neutral zone.
17:12 of 3rd period - Wrist shot by Alexandre Daigle.
17:12 of 3rd period - Stopped by Jacob Markstrom with a rebound.
17:14 of 3rd period - Snap shot by Brad Winchester.
17:14 of 3rd period - Stopped by Jacob Markstrom with a rebound.
17:16 of 3rd period - Slapshot by Alexandre Daigle.
17:16 of 3rd period - Stopped by Jacob Markstrom without a rebound.
17:17 of 3rd period - Rob Niedermayer wins face-off versus Logan Couture in Senators zone.
17:19 of 3rd period - Icing by Milan Jurcina.
17:20 of 3rd period - Logan Couture wins face-off versus Rob Niedermayer in Senators zone.
18:14 of 3rd period - Shane Sims is hit by Victor Hedman and loses puck.
18:21 of 3rd period - Wrist shot by Ryan Shannon.
18:21 of 3rd period - Stopped by Jacob Markstrom with a rebound.
18:23 of 3rd period - Wrist shot by Kenndal McArdle.
18:23 of 3rd period - Stopped by Jacob Markstrom with a rebound.
18:25 of 3rd period - Snap shot by Ryan Shannon.
18:25 of 3rd period - Shot Misses the Net.
18:57 of 3rd period - Snap shot by Drew Larman.
18:57 of 3rd period - Shot Blocked by Gabriel Bourque.
18:59 of 3rd period - Slapshot by Kyle Wharton.
18:59 of 3rd period - Goal by Kyle Wharton - Senators : 2 - Atomiques : 7.
19:00 of 3rd period - Logan Couture wins face-off versus Rob Niedermayer in neutral zone.
19:07 of 3rd period - Icing by Sergei Kostitsyn.
19:08 of 3rd period - Rob Niedermayer wins face-off versus Alexandre Daigle in Senators zone.
19:08 of 3rd period - Rob Niedermayer is hit by Brad Winchester.
19:16 of 3rd period - Logan Couture is hit by Rob Niedermayer and loses puck.
19:33 of 3rd period - Milan Jurcina is hit by Andrew Kozek and loses puck.
19:52 of 3rd period - Minor Penalty to Stanislav Chistov for Hooking.
19:53 of 3rd period - Logan Couture wins face-off versus B.J. Crombeen in Senators zone.
19:57 of 3rd period - Backhand shot by Clayton Stoner.
19:57 of 3rd period - Shot Misses the Net.
Goals for this period are 2 for Senators vs 3 for Atomiques.
Shots for this period are 14 for Senators vs 15 for Atomiques.


Output by the SimonT Hockey Simulator (STHS) for François Prévost -- Original Page W3C XHTML 1.0 Valid
Hockey Simulator - Hockey Simulation - Hockey Manager